 Dungeon Crawl Stone Soup version 0.26.1-2-gb8aa6d0cf2 (webtiles) character file.

Game seed: 691228908509388182

99 Azunone the Skirmisher (level 4, -2/41 HPs)
             Began as a Gnoll Wanderer on Mar 20, 2021.
             Killed from afar by an orc wizard (7 damage)
             ... with a magic dart
             ... on level 4 of the Dungeon.
             The game lasted 00:04:23 (3083 turns).

Azunone the Skirmisher (Gnoll Wanderer)             Turns: 3083, Time: 00:04:23

Health: -2/41      AC:  3    Str: 14    XL:     4   Next: 72%
Magic:  8/8        EV: 12    Int: 13    God:
Gold:   187        SH:  0    Dex: 17    Spells: 9/9 levels left

rFire    . . .     SeeInvis .   a - +2 falchion
rCold    . . .     Faith    .   (no shield)
rNeg     . . .     Spirit   .   d - +0 robe
rPois    .         Reflect  .   (no helmet)
rElec    .         Harm     .   j - +0 cloak
rCorr    .         Rampage  .   (no gloves)
Will     .....                  (no boots)
Stlth    ++........             (no amulet)
HPRegen  0.13/turn              (no ring)
MPRegen  0.11/turn              (no ring)

@: no status effects
A: distributed training, fangs 1, strong nose
a: no special abilities


You were on level 4 of the Dungeon.
You visited 1 branch of the dungeon, and saw 4 of its levels.

You collected 187 gold pieces.

Inventory:

Hand Weapons
 a - a +2 falchion (weapon)
 b - a +0 short sword
 m - a +0 vampiric whip
 o - a +0 spear
 r - a +0 trident
Missiles
 q - 9 boomerangs (quivered)
Armour
 d - a +0 robe (worn)
 j - a +0 cloak (worn)
Scrolls
 e - 2 scrolls of teleportation {unknown}
 f - 2 scrolls of remove curse {unknown}
 g - 2 scrolls of enchant weapon {unknown}
 h - a scroll of fear {unknown}
 i - 4 scrolls of identify {unknown}
 p - 2 scrolls of enchant armour {unknown}
Potions
 c - 3 potions of curing
 k - a potion of attraction {unknown}
 l - a potion of lignification {unknown}
 n - a potion of haste {unknown}


   Skills:
 + Level 6.6 Fighting
 + Level 1.2 Short Blades
 + Level 2.8 Long Blades
 + Level 1.2 Axes
 + Level 1.2 Maces & Flails
 + Level 1.2 Polearms
 + Level 1.2 Staves
 + Level 1.2 Slings
 + Level 1.2 Bows
 + Level 1.2 Crossbows
 + Level 1.2 Throwing
 + Level 1.2 Armour
 + Level 1.2 Dodging
 + Level 2.6 Stealth
 + Level 4.7 Shields
 + Level 1.2 Unarmed Combat
 + Level 3.0 Spellcasting
 + Level 1.0 Conjurations
 + Level 1.0 Hexes
 + Level 1.0 Summonings
 + Level 1.0 Necromancy
 + Level 1.0 Translocations
 + Level 1.0 Transmutations
 + Level 1.0 Fire Magic
 + Level 1.0 Ice Magic
 + Level 1.0 Air Magic
 + Level 1.0 Earth Magic
 + Level 3.9 Poison Magic
 + Level 1.3 Invocations
 + Level 1.2 Evocations


You had 9 spell levels left.
You didn't know any spells.
Your spell library was empty.

Dungeon Overview and Level Annotations

Branches:
Dungeon (4/15)
 Temple: D:4-7

Altars:
Elyvilon
Okawaru
Trog
Yredelemnul


Innate Abilities, Weirdness & Mutations

Your experience applies equally to all skills.
You have very sharp teeth.
Your uncanny sense of smell can sniff out nearby items.


Message History

* * * LOW HITPOINT WARNING * * *
The orc wizard hits you with a +0 dagger.
* * * LOW HITPOINT WARNING * * *
You hit the orc wizard.
The orc wizard is lightly wounded.
The orc hits you with a +0 trident.
* * * LOW HITPOINT WARNING * * *
You hit the orc wizard.
The orc wizard is moderately wounded.
You closely miss the orc.
The orc wizard looks braver for a moment.
The orc closely misses you.
You riposte.
You slash the orc!
You kill the orc!
The orc wizard misses you.
You slash the orc!
You kill the orc!
The orc wizard barely misses you.
A magic dart appears from out of thin air!
The magic dart hits you!
You die...

### ###### #.##
......<#### #..##
...........### ##...##
.............## ##.....#
..............###.....##
..............<#@...#.#
...............)o.#####
.................##
.............{..##
...............##
..............##
.............##
....>.......##
...........##


You could see an orc wizard (fast).

Vanquished Creatures
  An adder (D:3)
  2 oozes
  2 leopard geckos
  8 orcs
  4 giant cockroaches
  5 goblins
  9 hobgoblins
  7 jackals
  A quokka (D:2)
  12 bats
  6 frilled lizards
  2 gnoll zombies (D:2)
  3 kobolds
  7 rats
69 creatures vanquished.

Notes
Turn   | Place    | Note
-------+----------+-------------------------------------------
     0 | D:1      | Azunone the Gnoll Wanderer began the quest for the Orb.
     0 | D:1      | Azunone set off with the following items: a +2 falchion, a
                  | +0 short sword, a potion of curing, a +0 robe
     0 | D:1      | Reached XP level 1. HP: 23/23 MP: 4/4
   139 | D:1      | Reached XP level 2. HP: 29/29 MP: 5/5
   832 | D:1      | Reached XP level 3. HP: 35/35 MP: 7/7
  1192 | D:2      | Found a white marble altar of Elyvilon.
  1379 | D:2      | Reached skill level 1 in Invocations
  1548 | D:2      | Found a bloodstained altar of Trog.
  1554 | D:2      | Reached skill level 1 in Short Blades
  1554 | D:2      | Reached skill level 1 in Axes
  1554 | D:2      | Reached skill level 1 in Maces & Flails
  1554 | D:2      | Reached skill level 1 in Polearms
  1554 | D:2      | Reached skill level 1 in Staves
  1554 | D:2      | Reached skill level 1 in Slings
  1554 | D:2      | Reached skill level 1 in Bows
  1554 | D:2      | Reached skill level 1 in Crossbows
  1554 | D:2      | Reached skill level 1 in Throwing
  1554 | D:2      | Reached skill level 1 in Armour
  1554 | D:2      | Reached skill level 1 in Dodging
  1554 | D:2      | Reached skill level 1 in Unarmed Combat
  1554 | D:2      | Reached skill level 1 in Evocations
  1907 | D:2      | Reached XP level 4. HP: 34/41 MP: 8/8
  1962 | D:2      | Found a basalt altar of Yredelemnul.
  2766 | D:3      | Reached skill level 1 in Conjurations
  2766 | D:3      | Reached skill level 1 in Hexes
  2766 | D:3      | Reached skill level 1 in Summonings
  2766 | D:3      | Reached skill level 1 in Necromancy
  2766 | D:3      | Reached skill level 1 in Translocations
  2766 | D:3      | Reached skill level 1 in Transmutations
  2766 | D:3      | Reached skill level 1 in Fire Magic
  2766 | D:3      | Reached skill level 1 in Ice Magic
  2766 | D:3      | Reached skill level 1 in Air Magic
  2766 | D:3      | Reached skill level 1 in Earth Magic
  3041 | D:4      | Found an iron altar of Okawaru.
  3083 | D:4      | Killed from afar by an orc wizard

Illustrated notes

Levels and vault maps discovered:
D:1:      noname_arrival_rooms_in_the_neighbourhood, layout_rooms,
          serial_forest, infiniplex_forest_clump_cross,
          infiniplex_forest_straight_4, infiniplex_forest_clump_double,
          infiniplex_forest_clump_diagonal, infiniplex_forest_corner_1,
          wander_ebering_terrifying_dragon_lair
D:2:      layout_basic, lemuel_crystal_altar, lemuel_zombie_altar_yredelemnul,
          trog_butcher_becter
D:3:      layout_loops_ring
D:4:      layout_cave_pods, lemuel_doored_altar,
          chequers_temple_overflow_statue_of_worship,
          gammafunk_ghost_necromancy, okawaru_metal_pillars_1_2

Skill      XL: |  1  2  3  4 |
---------------+-------------+-----
Invocations    | 1 |  1.3
Short Blades   | 1 |  1.2
Axes           | 1 |  1.2
Maces & Flails | 1 |  1.2
Polearms       | 1 |  1.2
Staves         | 1 |  1.2
Slings         | 1 |  1.2
Bows           | 1 |  1.2
Crossbows      | 1 |  1.2
Throwing       | 1 |  1.2
Armour         | 1 |  1.2
Dodging        | 1 |  1.2
Unarmed Combat | 1 |  1.2
Evocations     | 1 |  1.2
Spellcasting   | 3 |  3.0
Conjurations   | 1 |  1.0
Hexes          | 1 |  1.0
Summonings     | 1 |  1.0
Necromancy     | 1 |  1.0
Translocations | 1 |  1.0
Transmutations | 1 |  1.0
Fire Magic     | 1 |  1.0
Ice Magic      | 1 |  1.0
Air Magic      | 1 |  1.0
Earth Magic    | 1 |  1.0
Fighting       | |  6.6
Long Blades    | |  2.8
Stealth        | |  2.6
Shields        | |  4.7
Poison Magic   | |  3.9

Action                   |  1- 3 |  4- 6 || total
-------------------------+-------+-------++-------
Melee: Falchion          |    86 |    54 ||   140
       Bite              |    10 |     3 ||    13
       Punch             |       |     1 ||     1
 Stab: Sleeping          |     8 |     6 ||    14
Armor: Robe              |    24 |    20 ||    44
Dodge: Dodged            |    67 |    49 ||   116
       Rpst.: Falchion   |    18 |     9 ||    27
